 Dungeon Crawl Stone Soup version 0.28.0-62-gf88900778d (webtiles) character file.

Game seed: 8408640454216869007

4117 Prykner the Carver (level 10, 0/88 HPs)
             Began as a Deep Dwarf Gladiator on Dec 5, 2023.
             Was a Priest of Makhleb.
             Slain by a cane toad zombie (4 damage)
             ... on level 9 of the Dungeon.
             The game lasted 00:17:03 (6547 turns).

Prykner the Carver (Deep Dwarf Gladiator)           Turns: 6547, Time: 00:17:04

Health: 0/88       AC: 20    Str: 18    XL:     10   Next: 6%
Magic:  0/8        EV: 11    Int:  9    God:    Makhleb [***...]
Gold:   506        SH:  0    Dex: 27    Spells: 9/9 levels left

rFire   + . .      SeeInvis .   a - +0 long sword
rCold   . . .      Faith    .   (no shield)
rNeg    . . .      Spirit   +   k - +4 chain mail {rF+}
rPois   +          Reflect  .   f - +2 helmet
rElec   .          Harm     .   g - +2 cloak {Will+}
rCorr   .          Rampage  .   (no gloves)
Will    ++...                   (no boots)
Stlth   ..........              K - amulet "Zyunkur" {Spirit rPois Dex+3}
HPRegen 0.00/turn               e - +4 ring of slaying
MPRegen 0.11/turn               r - +6 ring of dexterity

@: no status effects
A: damage resistance, heal wounds, sense surroundings 2, no regeneration
a: Heal Wounds, Renounce Religion, Minor Destruction, Lesser Servant of Makhleb


You were on level 9 of the Dungeon.
You worshipped Makhleb.
Makhleb was most pleased with you.
You visited 2 branches of the dungeon, and saw 10 of its levels.
You also visited: Sewer.

You collected 1708 gold pieces.
You spent 1202 gold pieces at shops.

Inventory:

Hand Weapons
 a - a +0 long sword (weapon)
Missiles
 d - 2 throwing nets
 J - 3 boomerangs (quivered)
 M - a curare-tipped dart
Armour
 b - a +0 leather armour
 c - a +0 helmet
 f - a +2 helmet (worn)
 g - a +2 cloak of willpower (worn)
 k - a +4 chain mail of fire resistance (worn)
 n - a +1 ring mail
 y - the +1 ring mail "Gocyamei" {Rampage Int+3 Dex-5 Slay+4}
   (You took it off an orc priest on level 4 of the Dungeon)

   Int:       It affects your intelligence (+3).
   Dex:       It affects your dexterity (-5).
   Slay:      It affects your accuracy & damage with ranged weapons and melee
   (+4).
   Rampage:   It bestows one free step when moving towards enemies.
Jewellery
 e - a +4 ring of slaying (left hand)
 i - a +6 ring of intelligence
 r - a +6 ring of dexterity (right hand)
 G - a +6 ring of intelligence
 K - the amulet "Zyunkur" (around neck) {Spirit rPois Dex+3}
   (You found it on level 7 of the Dungeon)

   [amulet of guardian spirit]

   It causes incoming damage to be divided between your reserves of health and
   magic.
   Dex:       It affects your dexterity (+3).
   rPois:     It protects you from poison.
 N - a ring of magical power
 Q - a ring of flight
Wands
 q - a wand of paralysis (4)
 z - a wand of charming (1)
Scrolls
 p - a scroll of immolation
 s - 2 scrolls of brand weapon {unknown}
 u - 3 scrolls of vulnerability {unknown}
 v - 3 scrolls of torment {unknown}
 x - 5 scrolls of fear {unknown}
 A - a scroll of holy word {unknown}
 H - 2 scrolls of amnesia {unknown}
 I - 3 scrolls of identify
 L - 3 scrolls of summoning {unknown}
 O - a scroll of blinking {unknown}
 P - 3 scrolls of magic mapping {unknown}
Potions
 h - 8 potions of curing
 j - 3 potions of degeneration {unknown}
 l - a potion of flight {unknown}
 m - 3 potions of mutation
 o - 7 potions of heal wounds
 t - 2 potions of haste
 w - a potion of resistance {unknown}
 B - 2 potions of brilliance {unknown}
 C - 3 potions of invisibility {unknown}
 D - 2 potions of might
 E - a potion of cancellation {unknown}
 F - a potion of berserk rage {unknown}
 R - a potion of experience {unknown}


   Skills:
 + Level 5.0 Fighting
 * Level 11.4 Long Blades
 + Level 2.1 Throwing
 + Level 5.3 Armour
 + Level 5.3 Dodging
 + Level 2.3 Stealth
 * Level 2.3 Invocations
 + Level 4.7 Evocations


You had 9 spell levels left.
You didn't know any spells.
Your spell library contained the following spells:

 Spells                   Type           Power      Damage    Failure   Level
 Pain                     Necr           0%         1d4       99%         1
 Ignite Poison            Fire/Tmut/Pois 0%         N/A       100%        3
 Mephitic Cloud           Conj/Pois/Air  0%         N/A       100%        3
 Ozocubu's Armour         Ice            0%         N/A       100%        3
 Fulminant Prism          Conj/Hex       0%         3d6       100%        4
 Iskenderun's Mystic Bla  Conj/Tloc      0%         2d3       100%        4
 Agony                    Necr           0%         N/A       100%        5
 Excruciating Wounds      Necr           0%         N/A       100%        5
 Freezing Cloud           Conj/Ice/Air   0%         6-21      100%        5
 Lee's Rapid Deconstruct  Erth           0%         3d5*      100%        5
 Metabolic Englaciation   Hex/Ice        0%         N/A       100%        5
 Simulacrum               Ice/Necr       0%         N/A       100%        6
 Ozocubu's Refrigeration  Ice            0%         4d5       100%        7


Dungeon Overview and Level Annotations

Branches:
Dungeon (9/15)             Temple (1/1) D:4             Orc (0/2) D:9
  Sewer (visited)
   Lair: D:8-11

Altars:
Ashenzari
Cheibriados
Dithmenos
Elyvilon
Fedhas
Gozag
Hepliaklqana
Kikubaaqudgha
Makhleb
Nemelex Xobeh
Okawaru
Qazlal
Ru
Sif Muna
Trog
Uskayaw
Vehumet
Wu Jian
Xom
Yredelemnul
Zin
The Shining One

Shops:
D:3 =([*:   D:6 :

Annotations:
D:7 3 runed translucent doors, knorpule3000's ghost, novice FeSu


Innate Abilities, Weirdness & Mutations

You are resistant to damage.
You can heal yourself by infusing magical energy.
You passively map the area around you.
You do not regenerate.


Message History

Moving in this stuff is going to be slow.
You see here an electric eel corpse.
Found a robe.
You now have 506 gold pieces (gained 23).
A cane toad zombie comes into view.
A cane toad zombie is nearby!
There are no items here.
You slash the cane toad zombie!
The cane toad zombie is lightly damaged.
The cane toad zombie hits you.
* * * LOW HITPOINT WARNING * * *
You hit the cane toad zombie.
The cane toad zombie is lightly damaged.
The cane toad zombie hits you but does no damage.
You hit the cane toad zombie.
The cane toad zombie is lightly damaged.
The cane toad zombie closely misses you.
You slash the cane toad zombie!
The cane toad zombie is moderately damaged.
The cane toad zombie closely misses you.
You hit the cane toad zombie.
The cane toad zombie is heavily damaged.
The cane toad zombie hits you.
You hit the cane toad zombie.
The cane toad zombie is heavily damaged.
You hit the cane toad zombie.
The cane toad zombie is heavily damaged.
The cane toad zombie hits you!
* * * LOW HITPOINT WARNING * * *
You slash the cane toad zombie!
The cane toad zombie is severely damaged.
The cane toad zombie closely misses you.
You hit the cane toad zombie.
The cane toad zombie is almost destroyed.
The cane toad zombie hits you!
* * * LOW HITPOINT WARNING * * *
You hit the cane toad zombie.
The cane toad zombie is almost destroyed.
The cane toad zombie hits you!
You die...

* ,,
.≈.≈...≈...≈........... ,
.≈.................≈≈≈≈≈ *
≈ ..≈.≈.≈.≈...≈.≈....≈≈≈≈≈
, .≈...≈.≈...........≈≈≈≈≈
, ,
............≈.≈....≈≈≈≈≈ ≈
.≈...≈.≈.≈.............. *
, ,....≈.≈.≈...†.≈....≈≈≈≈≈
,
,≈.......?................
* ..≈.≈.≈@≈...≈.≈.........
, .≈.....Z.≈.≈.....≈.≈≈≈≈≈
, ....≈.≈.≈...≈.≈..≈.≈≈≈≈≈
,...........≈.......≈≈≈≈≈
,≈,..≈.≈.≈.≈...≈.≈..≈.≈≈≈≈≈
, ,
.......≈.≈.≈.....≈.≈≈≈≈≈ *
,..≈.≈.≈.≈...≈.≈..≈.≈≈≈≈≈ *
.≈.≈........... .≈.≈≈≈≈≈ ,,
, , .....≈≈≈≈


You could see a cane toad zombie.

Vanquished Creatures
  A troll (D:9)
  Sigmund (D:3)
  A shadow (D:7)
  3 yaks (D:8)
  An acid dragon (D:5)
  A water moccasin (Sewer)
  A sky beast (D:7)
  3 ice beasts
  2 orc warriors
  A black bear (D:5)
  A necrophage (D:5)
  4 ogres
  A centaur (D:6)
  5 kobold brigands
  3 bullfrogs
  2 gnoll sergeants (D:9)
  4 howler monkeys
  3 electric eels (D:9)
  A centaur zombie (D:6)
  A bullfrog zombie (D:6)
  2 jellies
  3 orc priests (D:4)
  A hound (D:7)
  3 bullfrog skeletons
  A centaur skeleton (D:7)
  4 iguanas
  4 orc wizards
  A hound skeleton (D:4)
  2 howler monkey zombies
  8 gnolls
  A howler monkey skeleton (D:6)
  5 adders
  2 shadow imps
  2 ufetubi (D:7)
  2 adder skeletons
  6 worms
  A dart slug (D:5)
  26 orcs
  7 ball pythons
  5 bats
  6 endoplasms
  5 giant cockroaches
  9 goblins
  6 hobgoblins
  6 jackals
  7 quokkas
  2 frilled lizards
  11 kobolds
  8 rats
186 creatures vanquished.

Vanquished Creatures (collateral kills)
  A jelly (D:5)
  A gnoll (D:8)
2 creatures vanquished.

Vanquished Creatures (others)
  An ogre (D:9)
  A gnoll (D:8)
2 creatures vanquished.

Grand Total: 190 creatures vanquished

Notes
Turn   | Place    | Note
-------+----------+-------------------------------------------
     0 | D:1      | Prykner the Deep Dwarf Gladiator began the quest for the
                  | Orb.
     0 | D:1      | Reached XP level 1. HP: 19/19 MP: 1/1
   123 | D:1      | Reached XP level 2. HP: 19/26 MP: 2/2
   557 | D:1      | Reached XP level 3. HP: 17/32 MP: 3/3
  1045 | D:2      | Found a faded altar of an unknown god.
  1210 | D:2      | Reached XP level 4. HP: 40/40 MP: 3/3
  1301 | D:3      | Found Qakliesi's Book Shop.
  1330 | D:3      | Reached skill level 1 in Armour
  1379 | D:3      | Reached skill level 4 in Long Blades
  1389 | D:3      | Found a glowing drain.
  1398 | Sewer    | Entered a sewer
  1437 | Sewer    | Noticed a water moccasin
  1446 | Sewer    | Killed a water moccasin
  1447 | Sewer    | Reached skill level 1 in Stealth
  1447 | Sewer    | Reached XP level 5. HP: 24/46 MP: 4/4
  1611 | D:3      | Found Isil's General Store.
  1673 | D:3      | Found Ammoih's Jewellery Emporium.
  1722 | D:3      | Reached skill level 5 in Long Blades
  1852 | D:3      | Found Hacap's Antique Weapon Shoppe.
  1886 | D:3      | Found Ficofil's Antique Armour Shoppe.
  1891 | D:3      | Noticed Sigmund
  1900 | D:3      | Killed Sigmund
  1901 | D:3      | Reached XP level 6. HP: 33/56 MP: 4/4
  2149 | D:3      | Identified a scroll of acquirement
  2149 | D:3      | Acquired 1245 gold pieces
  2197 | D:3      | Bought a +4 ring of slaying for 858 gold pieces
  2226 | D:3      | Bought an embroidered cloak for 172 gold pieces
  2231 | D:3      | Bought a shiny chain mail for 172 gold pieces
  2385 | D:4      | Found a staircase to the Ecumenical Temple.
  2410 | D:4      | Reached skill level 6 in Long Blades
  2413 | D:4      | Reached XP level 7. HP: 34/62 MP: 5/5
  2461 | D:4      | Identified the +1 ring mail "Gocyamei" {Rampage Int+3 Dex-5
                  | Slay+4}
  2487 | Temple   | Entered the Ecumenical Temple
  2547 | Temple   | Became a worshipper of Makhleb the Destroyer
  3017 | D:5      | Entered Level 5 of the Dungeon
  3057 | D:5      | Reached skill level 7 in Long Blades
  3175 | D:5      | Reached skill level 1 in Evocations
  3196 | D:5      | Reached * piety under Makhleb
  3596 | D:5      | Reached XP level 8. HP: 40/69 MP: 6/6
  3639 | D:5      | Reached skill level 8 in Long Blades
  3993 | D:6      | Found Pujafr Iqufo's Book Shoppe.
  4185 | D:6      | Reached skill level 9 in Long Blades
  4974 | D:7      | Gained mutation: You passively map the area around you.
                  | [Deep Dwarf growth]
  4974 | D:7      | Reached XP level 9. HP: 48/78 MP: 7/7
  5100 | D:7      | Identified the amulet "Zyunkur" {Spirit rPois Dex+3}
  5121 | D:7      | Found a runed translucent gate.
  5121 | D:7      | Found a runed translucent gate.
  5122 | D:7      | Found a runed translucent gate.
  5127 | D:7      | Noticed knorpule3000's ghost (novice FeSu)
  5465 | D:8      | Found a sacrificial altar of Ru.
  5474 | D:8      | Reached skill level 5 in Dodging
  5534 | D:8      | Reached ** piety under Makhleb
  5535 | D:8      | Reached skill level 10 in Long Blades
  6254 | D:9      | Found a staircase to the Orcish Mines.
  6254 | D:9      | Noticed a troll
  6272 | D:9      | Reached skill level 1 in Invocations
  6326 | D:9      | Killed a troll
  6327 | D:9      | Reached skill level 11 in Long Blades
  6327 | D:9      | Reached skill level 5 in Armour
  6412 | D:9      | Reached XP level 10. HP: 55/87 MP: 0/8
  6420 | D:9      | Reached skill level 5 in Fighting
  6450 | D:9      | Reached *** piety under Makhleb
  6546 | D:9      | HP: 4/88 [cane toad zombie (12)]
  6547 | D:9      | Slain by a cane toad zombie

Illustrated notes

Levels and vault maps discovered:
D:1:      giann_horns, layout_loops_ring
D:2:      layout_rooms, chequers_ecumenical_altar_simple, st_stairs_11,
          minmay_split_cup_small
D:3:      layout_basic, serial_shops, nicolae_shop_competitors_out_of_business,
          shop, nicolae_shop_behind_doors, nicolae_shop_behind_doors,
          nicolae_shop_advertising_works [nicolae_subvault_shop_adworks],
          portal_sewer_entry_e, minmay_misc_feat_more_columns, st_stairs_14,
          uniq_sigmund
D:4:      layout_gridville, minmay_temple_entry_large_hall, serial_rivers,
          chequers_serial_rivers_room_a, chequers_serial_rivers_micro_a,
          chequers_serial_rivers_micro_b, chequers_serial_rivers_room_a
D:5:      layout_basic, hex_intersection
D:6:      minmay_general_purpose_star, layout_basic, serial_shops,
          nicolae_shop_trees
D:7:      layout_cave_pools, gammafunk_ghost_necromancy
D:8:      layout_basic, mainiacjoe_overflow_small_starburst, grunt_ministairs_13
D:9:      layout_basic, kennysheep_orc_monster_closet_entryway
Temple:   compressed_dpeg_circular_temple

Skill      XL: |  1  2  3  4  5  6  7  8  9 10 |
---------------+-------------------------------+-----
Fighting       | 2 3 4 5 |  5.0
Armour         | 1 2 3 5 |  5.3
Dodging        | 4 5 |  5.3
Long Blades    | 4 5 6 7 9 11 | 11.4
Stealth        | 1 2 |  2.3
Evocations     | 2 3 4 |  4.7
Invocations    | 2 |  2.3
Throwing       | 2 |  2.1

Action                   |  1- 3 |  4- 6 |  7- 9 | 10-12 || total
-------------------------+-------+-------+-------+-------++-------
Melee: Long sword        |   144 |   145 |   348 |    37 ||   674
       Punch             |     1 |     5 |     8 |     1 ||    15
Throw: Throwing net      |       |       |     2 |       ||     2
       Boomerang         |       |       |       |    11 ||    11
Invok: Minor Destruction |       |       |       |     3 ||     3
 Abil: Heal Wounds       |     2 |     2 |     5 |       ||     9
Evoke: Wand              |       |     3 |     8 |       ||    11
  Use: Scroll            |       |     5 |     2 |       ||     7
 Stab: Paralysed         |       |     4 |       |       ||     4
       Held in net/web   |       |       |     2 |       ||     2
Armor: Leather armour    |    46 |       |       |       ||    46
       Ring mail         |     7 |    41 |       |       ||    48
       Chain mail        |       |    19 |   183 |    19 ||   221
Dodge: Dodged            |   106 |   103 |   155 |     9 ||   373
